AoeStats
← amyfp

Arena

505755919Analyzed
1v1 RM · 22d ago on Sep 10, 2026· 19m 41s· 2 players
Game mode
Random Map
Map size
Tiny (2 player)
Population
200
Speed
Normal
Resources
Standard
Victory
Conquest
Starting age
Dark Age
Ending age
Imperial Age
RankedLock teamsTeams togetherTeam positionsShared explorationLock speedFull tech treeHidden civsTurbo modeCheats
Victory
Defeat
🇺🇸 Byzantines · United States
408
+10
🇨🇦 Khmer · Canada
267
-10
amyfp
9:39 Feudal Age
16:34 Castle Age
16:49 Double-Bit Axe
Igneous
10:08 Feudal Age
13:27 Double-Bit Axe
15:46 Wheelbarrow
18:06 Castle Age
16:33 Horse Collar
18:39 Scale Mail Armor
18:51 Forging
19:33 Pikeman
Connection lost

Rejoining the realm…

Still unreachable

The connection could not be restored.

Session expired

The server has moved on; the page needs a fresh start.